 Dungeon Crawl Stone Soup version 0.21.1-1-g345015f (webtiles) character file.

228 grumpd the Skirmisher (level 5, -3/42 HPs)
             Began as a Demonspawn Gladiator on Mar 18, 2018.
             Slain by a centaur (6 damage)
             ... on level 5 of the Dungeon.
             The game lasted 00:09:23 (4816 turns).

grumpd the Skirmisher (Demonspawn Gladiator)        Turns: 4816, Time: 00:09:24

Health: -3/42      AC:  4    Str: 15    XL:     5   Next: 71%
Magic:  0/5        EV: 12    Int: 10    God:
Gold:   125        SH:  0    Dex: 14    Spells: 4/4 levels left

rFire    . . .     SeeInvis .     - Unarmed
rCold    . . .     Gourm    .   (no shield)
rNeg     . . .     Faith    .   b - +0 leather armour
rPois    .         Spirit   +   c - +0 helmet
rElec    .         Reflect  .   (no cloak)
rCorr    .         Harm     .   (no gloves)
MR       .....                  (no boots)
Stlth    +.........             (no amulet)
HPRegen  0.14/turn              (no ring)
MPRegen  0.09/turn              (no ring)

@: no status effects
A: claws 1, magic shield
a: no special abilities


You were on level 5 of the Dungeon.
You were not hungry.

You visited 1 branch of the dungeon, and saw 5 of its levels.

You collected 125 gold pieces.

Inventory:

Hand Weapons
 a - a +0 war axe
Missiles
 d - 3 throwing nets (quivered)
 o - 7 javelins
Armour
 b - a +0 leather armour (worn)
 c - a +0 helmet (worn)
Jewellery
 w - an uncursed ring of protection from cold {unknown}
Scrolls
 e - a scroll of blinking {unknown}
 g - a scroll of magic mapping {unknown}
 h - a scroll of amnesia {unknown}
 i - a scroll of immolation {unknown}
 j - a scroll of identify {unknown}
 k - a scroll of enchant weapon {unknown}
 m - a scroll of teleportation {unknown}
 n - 2 scrolls of fog {unknown}
 q - a scroll of remove curse {unknown}
 t - a scroll of enchant armour {unknown}
Potions
 l - 2 potions of mutation {unknown}
 p - a potion of degeneration {unknown}
 r - a potion of magic {unknown}
Books
 s - a book of Misfortune

   Spells                             Type                      Level
   a - Confusing Touch                Hexes                        1
   b - Confuse                        Hexes                        3
   c - Gell's Gravitas                Translocation                3
   d - Petrify                        Transmutation/Earth          4
   e - Metabolic Englaciation         Hexes/Ice                    5
   f - Yara's Violent Unravelling     Hexes/Transmutation          5
 u - a book of Cantrips

   Spells                             Type                      Level
   a - Confusing Touch                Hexes                        1
   b - Animate Skeleton               Necromancy                   1
   c - Summon Small Mammal            Summoning                    1
   d - Apportation                    Translocation                1
Comestibles
 f - 6 rations


   Skills:
 + Level 4.1 Fighting
 - Level 3.1 Axes
 - Level 1.7 Throwing
 + Level 2.6 Armour
 - Level 2.6 Dodging
 + Level 1.8 Unarmed Combat


You had 4 spell levels left.
You didn't know any spells.

Dungeon Overview and Level Annotations

Branches:
Dungeon (5/15)
 Temple: D:4-7

Altars:

Annotations:
D:3 DerpyAI's ghost, amateur FeBe


Innate Abilities, Weirdness & Mutations

You have sharp fingernails.
When hurt, damage is shared between your health and your magic reserves.


Message History

You barely miss the centaur.
The centaur is heavily wounded.
The centaur hits you. The crimson imp barely misses you. The centaur hits you.
The crimson imp hits you but does no damage.
You scratch the centaur.
The centaur is severely wounded.
The crimson imp hits you. The centaur hits you.
* * * LOW HITPOINT WARNING * * *
You barely miss the centaur.
The centaur is severely wounded.
The centaur hits you!
* * * LOW HITPOINT WARNING * * *
The crimson imp blinks!
The crimson imp hits you but does no damage.
A hound comes into view.
The hound barks!
You scratch the centaur.
The centaur is almost dead.
The centaur hits you.
You die...

. c.c.######
#......#
..#.####.##
....###(..###
#Z..h.(...#
#.###§c.#.#
##@##.#
#.####5##.###.#
#....<.>......#
######.##.###.#
#.##...
#5###### #.#
#.# #.#


You could see a centaur, a hound and 2 crimson imps.

Vanquished Creatures
  A scorpion (D:4)
  A hound (D:2)
  An orc priest (D:3)
  4 adders
  An ooze (D:3)
  3 worms
  A dart slug (D:3)
  2 leopard geckos
  4 orcs
  A ball python (D:3)
  5 giant cockroaches
  2 goblins
  9 hobgoblins
  6 jackals (D:1)
  4 quokkas
  3 bats
  3 frilled lizards
  9 kobolds
  5 rats
65 creatures vanquished.

Notes
Turn   | Place    | Note
-------+----------+-------------------------------------------
     0 | D:1      | grumpd the Demonspawn Gladiator began the quest for the Orb.
     0 | D:1      | Reached XP level 1. HP: 16/16 MP: 1/1
   377 | D:1      | Gained mutation: You have sharp fingernails. [demonic ancestry]
   377 | D:1      | Reached XP level 2. HP: 23/23 MP: 2/2
  1330 | D:2      | Reached XP level 3. HP: 14/28 MP: 3/3
  1568 | D:2      | Reached skill level 3 in Fighting
  1568 | D:2      | Reached skill level 1 in Armour
  1749 | D:2      | Reached XP level 4. HP: 24/35 MP: 4/4
  2418 | D:3      | Noticed DerpyAI's ghost (amateur FeBe)
  2482 | D:3      | HP: 1/35 [orc priest/hand axe (7)]
  2817 | D:3      | Reached skill level 1 in Unarmed Combat
  3208 | D:3      | Gained mutation: When hurt, damage is shared between your health and your magic reserves. [demonic ancestry]
  3208 | D:3      | Reached XP level 5. HP: 26/42 MP: 5/5
  3767 | D:4      | Reached skill level 4 in Fighting
  4362 | D:5      | Entered Level 5 of the Dungeon
  4362 | D:5      | Noticed a centaur
  4438 | D:5      | Noticed a centaur
  4816 | D:5      | Slain by a centaur

Skill      XL: |  1  2  3  4  5 |
---------------+----------------+-----
Axes           | 3 |  3.1
Fighting       | 3 4 |  4.1
Armour         | 1 2 |  2.6
Unarmed Combat | 1 |  1.8
Throwing       | |  1.7
Dodging        | |  2.6

Action                   |  1- 3 |  4- 6 || total
-------------------------+-------+-------++-------
Melee: War axe           |    79 |    26 ||   105
       Unarmed           |       |   212 ||   212
       Punch             |       |     2 ||     2
  Use: Potion            |       |     3 ||     3
 Stab: Sleeping          |     2 |     2 ||     4
  Eat: Chunk             |     3 |     6 ||     9
       Ration            |       |     1 ||     1
Armor: Leather armour    |    21 |    56 ||    77
Dodge: Dodged            |    54 |   153 ||   207
